AoeStats
← saschauli

Golden Pit

509870825Analyzed
1v1 RM · 5d ago on Sep 28, 2026· 46m 8s· 2 players
Game mode
Random Map
Map size
Tiny (2 player)
Population
200
Speed
Normal
Resources
Standard
Victory
Conquest
Starting age
Dark Age
Ending age
Imperial Age
RankedLock teamsTeams togetherTeam positionsShared explorationLock speedFull tech treeHidden civsTurbo modeCheats
Victory
Defeat
🇨🇴 Spanish · Colombia
950
+46
🇩🇪 Celts · Germany
970
-17
gl142541
6:23 Loom
10:19 Feudal Age
18:59 Castle Age
17:52 Double-Bit Axe
26:10 Padded Archer Armor
27:11 Wheelbarrow
28:26 Leather Archer Armor
30:47 Horse Collar
33:19 Bow Saw
33:27 Fletching
34:22 Heavy Plow
34:17 Fletching
38:45 Imperial Age
37:28 Gold Mining
39:03 Hand Cart
39:52 Conscription
42:25 Chemistry
41:46 Ballistics
43:27 Two-Man Saw
43:07 Bodkin Arrow
saschauli
10:33 Feudal Age
11:43 Man-at-Arms
13:34 Forging
14:20 Scale Mail Armor
19:43 Castle Age
17:53 Stone Mining
17:52 Double-Bit Axe
17:53 Horse Collar
18:40 Gold Mining
22:19 Bow Saw
22:23 Loom
33:39 Heavy Plow
38:27 Imperial Age
37:43 Gold Shaft Mining
39:49 Fletching
41:54 Conscription
43:07 Chain Mail Armor
43:40 Iron Casting
Connection lost

Rejoining the realm…

Still unreachable

The connection could not be restored.

Session expired

The server has moved on; the page needs a fresh start.